 Dungeon Crawl Stone Soup version 0.28.0-45-g0d030f2227 (webtiles) character file.

Game seed: 12057326758861206404

98 MisterFreud the Covert (level 4, -3/41 HPs)
             Began as a Gnoll Delver on May 30, 2022.
             Was a Follower of the Shining One.
             Slain by Crazy Yiuf
             ... wielding a +4 quarterstaff of chaos
              (12 damage)
             ... on level 2 of the Dungeon.
             The game lasted 00:02:52 (2356 turns).

MisterFreud the Covert (Gnoll Delver)               Turns: 2356, Time: 00:02:52

Health: -3/41      AC:  4    Str: 12    XL:     4   Next: 69%
Magic:  5/5        EV: 13    Int: 11    God:    the Shining One [*.....]
Gold:   80         SH:  0    Dex: 13    Spells: 5/5 levels left

rFire   . . .      SeeInvis .   a - +0 short sword
rCold   . . .      Faith    .   (no shield)
rNeg    . . .      Spirit   .   b - +0 leather armour
rPois   .          Reflect  .   l - +0 helmet
rElec   .          Harm     .   (no cloak)
rCorr   .          Rampage  .   (no gloves)
Will    .....                   (no boots)
Stlth   ++........              (no amulet)
HPRegen 0.13/turn               (no ring)
MPRegen 0.09/turn               (no ring)

@: glowing
A: fangs 1, strong nose, distributed training
a: Renounce Religion, Divine Shield


You were on level 2 of the Dungeon.
You worshipped the Shining One.
The Shining One was aware of your devotion.
You visited 1 branch of the dungeon, and saw 7 of its levels.

You collected 80 gold pieces.

Inventory:

Hand Weapons
 a - a +0 short sword (weapon)
Missiles
 h - a throwing net (quivered)
Armour
 b - a +0 leather armour (worn)
 l - a +0 helmet (worn)
Wands
 g - a wand of digging (3)
Scrolls
 c - a scroll of fog
 d - a scroll of magic mapping
 e - a scroll of fear
 j - 4 scrolls of identify {unknown}
 k - a scroll of amnesia {unknown}
Potions
 f - a potion of haste
 i - a potion of flight {unknown}
 m - a potion of resistance {unknown}
 n - 2 potions of lignification {unknown}


   Skills:
 + Level 6.6 Fighting
 + Level 4.7 Short Blades
 + Level 1.2 Long Blades
 + Level 1.2 Axes
 + Level 1.2 Maces & Flails
 + Level 1.2 Polearms
 + Level 1.2 Staves
 + Level 1.2 Slings
 + Level 1.2 Bows
 + Level 1.2 Crossbows
 + Level 1.2 Throwing
 + Level 1.2 Armour
 + Level 4.7 Dodging
 + Level 9.6 Stealth
 + Level 1.2 Shields
 + Level 1.2 Unarmed Combat
 + Level 1.2 Spellcasting
 + Level 1.0 Conjurations
 + Level 1.0 Hexes
 + Level 1.0 Summonings
 + Level 1.0 Necromancy
 + Level 1.0 Translocations
 + Level 1.0 Transmutations
 + Level 1.0 Fire Magic
 + Level 1.0 Ice Magic
 + Level 1.0 Air Magic
 + Level 1.0 Earth Magic
 + Level 1.0 Poison Magic
 + Level 1.3 Invocations
 + Level 1.2 Evocations


You had 5 spell levels left.
You didn't know any spells.
Your spell library was empty.

Dungeon Overview and Level Annotations

Branches:
Dungeon (7/15)
 Temple: D:4-7

Altars:
Kikubaaqudgha
Nemelex Xobeh
Xom
The Shining One

Shops:
D:6 (

Annotations:
D:2 Crazy Yiuf
D:4 3 runed translucent doors, AurumCu's ghost, weakling DjIE


Innate Abilities, Weirdness & Mutations

You have very sharp teeth.
Your uncanny sense of smell can sniff out nearby items.
Your experience applies equally to all skills.


Message History

You feel sick.
You feel sick.
You feel sick.
You feel sick.
You are no longer poisoned.
Found two maces.
No target in view!
Found a mace.
Found a mace.
You see here a +0 mace.
Found a mace.
Found a runed translucent door.
Crazy Yiuf shouts!
You open the door.
Crazy Yiuf screams, "Cake!"
You hit Crazy Yiuf. You punch Crazy Yiuf, but do no damage.
Crazy Yiuf is lightly wounded.
Crazy Yiuf hits you with a +4 quarterstaff of chaos!
You hit Crazy Yiuf.
Crazy Yiuf is heavily wounded.
Crazy Yiuf hits you with a +4 quarterstaff of chaos!
Crazy Yiuf burns you.
You hit Crazy Yiuf.
Crazy Yiuf is severely wounded.
Crazy Yiuf hits you with a +4 quarterstaff of chaos!
* * * LOW HITPOINT WARNING * * *
Crazy Yiuf freezes you.
* * * LOW HITPOINT WARNING * * *
You hit Crazy Yiuf but do no damage. You punch Crazy Yiuf.
Crazy Yiuf is severely wounded.
Crazy Yiuf misses you.
You hit Crazy Yiuf. Your bite misses Crazy Yiuf.
Crazy Yiuf is severely wounded.
You completely miss Crazy Yiuf.
Crazy Yiuf is severely wounded.
Crazy Yiuf grits, "Shadow sing hand!"
Crazy Yiuf closely misses you.
You hit Crazy Yiuf but do no damage.
Crazy Yiuf is severely wounded.
Crazy Yiuf hits you with a +4 quarterstaff of chaos!
You die...

....# ....# ....#
....# ....###
#.....# #####.###
### ♣♣#### ###
#<..# #)..#♣♣
♣♣.)..##
..#####.#
#...g@♣♣♣♣.)....#
#..####.##
#...#♣..♣.).....#
##<).)...# ###
♣♣♣.♣...)..#
#######.#
♣♣♣♣♣##.## #.#
#.# #.## ########
##.# ###.#
#......####..#
######...##
#...........##
#......#..#
#......######


You could see Crazy Yiuf.

Vanquished Creatures
  A hound skeleton (D:4)
  Robin (D:1)
  A howler monkey skeleton (D:5)
  2 adders
  An ufetubus (D:6)
  A dart slug (D:1)
  An orc (D:3)
  5 bats
  An endoplasm (D:2)
  A giant cockroach (D:1)
  6 goblins
  4 hobgoblins
  A quokka (D:3)
  8 ball pythons
  2 frilled lizards
  2 kobolds
  3 rats
  A spectral goblin (D:1)
42 creatures vanquished.

Notes
Turn   | Place    | Note
-------+----------+-------------------------------------------
     0 | D:5      | Reached skill level 9 in Stealth
     0 | D:5      | MisterFreud the Gnoll Delver began the quest for the Orb.
     0 | D:5      | Reached XP level 1. HP: 23/23 MP: 1/1
     7 | D:6      | Found Bejang's Antique Weapon Shop.
    31 | D:6      | Reached XP level 2. HP: 26/29 MP: 2/2
    71 | D:5      | Noticed a black bear
    71 | D:5      | You fall into a shaft and drop 2 floors!
    85 | D:7      | HP: 1/29 [wyvern skeleton (7)]
   429 | D:5      | Reached XP level 3. HP: 31/35 MP: 3/3
   448 | D:5      | Noticed a phantom
   569 | D:4      | Reached skill level 1 in Invocations
   569 | D:4      | Found a runed translucent gate.
   569 | D:4      | Found a runed translucent gate.
   569 | D:4      | Found a runed translucent gate.
   571 | D:4      | Noticed AurumCu's ghost (weakling DjIE)
   654 | D:3      | Found a shimmering altar of Xom.
   710 | D:3      | Found an ancient bone altar of Kikubaaqudgha.
   886 | D:2      | Noticed Robin
   898 | D:1      | Reached skill level 1 in Long Blades
   898 | D:1      | Reached skill level 1 in Axes
   898 | D:1      | Reached skill level 1 in Maces & Flails
   898 | D:1      | Reached skill level 1 in Polearms
   898 | D:1      | Reached skill level 1 in Staves
   898 | D:1      | Reached skill level 1 in Slings
   898 | D:1      | Reached skill level 1 in Bows
   898 | D:1      | Reached skill level 1 in Crossbows
   898 | D:1      | Reached skill level 1 in Throwing
   898 | D:1      | Reached skill level 1 in Armour
   898 | D:1      | Reached skill level 1 in Shields
   898 | D:1      | Reached skill level 1 in Unarmed Combat
   898 | D:1      | Reached skill level 1 in Spellcasting
   898 | D:1      | Reached skill level 1 in Evocations
   979 | D:1      | Found a faded altar of an unknown god.
   988 | D:1      | Prayed at the altar of an unknown god.
   988 | D:1      | Became a worshipper of the Shining One
   988 | D:1      | Reached * piety under the Shining One
  1014 | D:1      | Reached XP level 4. HP: 36/40 MP: 5/5
  1613 | D:1      | Killed Robin
  1993 | D:2      | Found a sparkling altar of Nemelex Xobeh.
  2070 | D:2      | Reached skill level 1 in Conjurations
  2070 | D:2      | Reached skill level 1 in Hexes
  2070 | D:2      | Reached skill level 1 in Summonings
  2070 | D:2      | Reached skill level 1 in Necromancy
  2070 | D:2      | Reached skill level 1 in Translocations
  2070 | D:2      | Reached skill level 1 in Transmutations
  2070 | D:2      | Reached skill level 1 in Fire Magic
  2070 | D:2      | Reached skill level 1 in Ice Magic
  2070 | D:2      | Reached skill level 1 in Air Magic
  2070 | D:2      | Reached skill level 1 in Earth Magic
  2070 | D:2      | Reached skill level 1 in Poison Magic
  2345 | D:2      | Found a runed translucent door.
  2346 | D:2      | Noticed Crazy Yiuf
  2356 | D:2      | Slain by Crazy Yiuf

Illustrated notes

Levels and vault maps discovered:
D:1:      minmay_arrival_cross, layout_basic,
          dreamdust_ecumenical_altar_drowned_temple, minmay_misc_feat_tower,
          minmay_misc_feat_tiny, hex_medium, minivault_4, minmay_misc_feat_roman
D:2:      layout_rooms, serial_rivers, chequers_serial_rivers_large_a,
          chequers_serial_rivers_micro_a, chequers_serial_rivers_micro_b,
          chequers_serial_rivers_room_b, chequers_serial_rivers_micro_c,
          chequers_serial_rivers_large_b, basic_altar, uniq_robin,
          uniq_crazy_yiuf_cottage
D:3:      layout_loops_corners, mainiacjoe_overflow_alcove_2,
          lemuel_crystal_altar, mainiacjoe_overflow_big_doors,
          ebering_ghost_disaster_area
D:4:      old_forge, layout_basic, gammafunk_ghost_split, minivault_27,
          uniq_blork_the_orc
D:5:      layout_basic, ebering_ghost_rock_garden
D:6:      layout_loops_ring, nicolae_stop_n_shop_1, kennysheep_generic_room_11
D:7:      black_bear_nest_1, layout_loops_ring, kennysheep_okawaru_gauntlet,
          minmay_temple_entry_mist

Skill      XL: |  1  2  3  4 |
---------------+-------------+-----
Stealth        | |  9.6
Invocations    | 1 |  1.3
Long Blades    | 1 |  1.2
Axes           | 1 |  1.2
Maces & Flails | 1 |  1.2
Polearms       | 1 |  1.2
Staves         | 1 |  1.2
Slings         | 1 |  1.2
Bows           | 1 |  1.2
Crossbows      | 1 |  1.2
Throwing       | 1 |  1.2
Armour         | 1 |  1.2
Shields        | 1 |  1.2
Unarmed Combat | 1 |  1.2
Spellcasting   | 1 |  1.2
Evocations     | 1 |  1.2
Conjurations   | 1 |  1.0
Hexes          | 1 |  1.0
Summonings     | 1 |  1.0
Necromancy     | 1 |  1.0
Translocations | 1 |  1.0
Transmutations | 1 |  1.0
Fire Magic     | 1 |  1.0
Ice Magic      | 1 |  1.0
Air Magic      | 1 |  1.0
Earth Magic    | 1 |  1.0
Poison Magic   | 1 |  1.0
Fighting       | |  6.6
Short Blades   | |  4.7
Dodging        | |  4.7

Action                   |  1- 3 |  4- 6 || total
-------------------------+-------+-------++-------
Melee: Short sword       |    64 |    76 ||   140
       Bite              |     4 |     8 ||    12
       Punch             |     2 |     2 ||     4
 Stab: Sleeping          |     7 |       ||     7
Armor: Leather armour    |    11 |    13 ||    24
Dodge: Dodged            |    57 |    47 ||   104
